AoeStats
← Alvinangus

Arena

510523137Analyzed
4v4 RM · 19h ago on Oct 1, 2026· 52m 55s· 8 players
Game mode
Random Map
Map size
Large (8 player)
Population
200
Speed
Normal
Resources
Standard
Victory
Conquest
Starting age
Dark Age
Ending age
Imperial Age
RankedLock teamsTeams togetherTeam positionsShared explorationLock speedFull tech treeHidden civsTurbo modeCheats
Victory
Defeat
🇨🇳 Mongols · China
1100
+16
🇨🇳 Khmer · China
1058
+18
🇹🇼 Byzantines · Taiwan
1055
+18
🇻🇳 Huns · Vietnam
1012
+59
🇧🇷 Slavs · Brazil
1224
-22
🇺🇦 Bohemians · Ukraine
1190
-22
🇧🇷 Chinese · Brazil
1032
-15
🇦🇷 Persians · Argentina
977
-13
378080739
0:28 Loom
12:07 Feudal Age
16:25 Castle Age
14:41 Double-Bit Axe
14:51 Stone Mining
15:16 Gold Mining
15:55 Horse Collar
18:30 Bow Saw
18:26 Heavy Plow
30:31 Imperial Age
30:26 Gold Shaft Mining
30:30 Wheelbarrow
31:25 Double Crossbow
30:46 Elite Ballista Elephant
31:53 Ballistics
32:44 Chemistry
32:13 Conscription
32:16 Hand Cart
37:46 Tusk Swords
38:22 Siege Engineers
38:25 Elite Battle Elephant
39:16 Bloodlines
39:07 Husbandry
39:21 Forging
39:17 Scale Barding Armor
39:58 Husbandry
41:10 Iron Casting
41:45 Chain Barding Armor
©winterman199
10:56 Feudal Age
20:53 Castle Age
20:37 Wheelbarrow
20:10 Gold Mining
20:15 Stone Mining
22:21 Double-Bit Axe
25:50 Hand Cart
33:35 Imperial Age
33:35 Padded Archer Armor
34:07 Bow Saw
33:51 Fletching
34:08 Town Watch
36:13 Parthian Tactics
35:54 Thumb Ring
38:33 Ballistics
39:28 Forging
39:24 Scale Barding Armor
39:15 Bodkin Arrow
39:36 Leather Archer Armor
40:38 Caravan
41:09 Coinage
40:49 Guilds
42:44 Iron Casting
42:30 Chain Barding Armor
42:34 Town Patrol
42:20 Loom
43:05 Elite Tarkan
45:37 Banking
45:59 Marauders
48:53 Plate Barding Armor
49:35 Conscription
49:47 Bloodlines
49:40 Husbandry
50:57 Heavy Cavalry Archer
冰石戟
9:50 Feudal Age
11:12 Double-Bit Axe
13:34 Castle Age
12:29 Horse Collar
20:40 Loom
21:31 Wheelbarrow
21:14 Bow Saw
21:15 Heavy Plow
23:51 Hand Cart
23:53 Gold Mining
28:02 Imperial Age
25:31 Stone Mining
26:18 Gold Shaft Mining
27:03 Ballistics
26:37 Fletching
28:43 Stone Shaft Mining
28:21 Bloodlines
28:11 Husbandry
28:17 Thumb Ring
28:08 Elite Mangudai
28:53 Bodkin Arrow
29:40 Bracer
29:41 Padded Archer Armor
30:03 Conscription
29:06 Capped Ram
31:09 Parthian Tactics
31:46 Chemistry
30:41 Siege Ram
31:44 Leather Archer Armor
33:48 Coinage
35:50 Light Cavalry
36:39 Scale Barding Armor
36:45 Forging
36:22 Town Watch
36:56 Siege Engineers
37:55 Drill
38:20 Banking
37:51 Caravan
38:43 Onager
40:01 Nomads
40:37 Hoardings
40:45 Chain Barding Armor
41:00 Iron Casting
40:16 Siege Onager
小胖胖
11:13 Feudal Age
15:19 Castle Age
14:36 Double-Bit Axe
14:32 Horse Collar
18:21 Loom
22:34 Fortified Wall
25:51 Wheelbarrow
29:50 Imperial Age
28:09 Hand Cart
28:09 Forging
28:04 Scale Barding Armor
27:32 Pikeman
28:20 Squires
28:43 Bow Saw
28:35 Heavy Plow
29:33 Iron Casting
29:05 Husbandry
30:58 Chain Barding Armor
30:39 Scale Mail Armor
31:03 Conscription
31:47 Chemistry
30:30 Treadmill Crane
30:56 Heavy Camel Rider
32:25 Plate Barding Armor
31:15 Halberdier
33:05 Caravan
34:20 Chain Mail Armor
34:33 Ballistics
34:37 Arson
36:25 Careening
36:13 Murder Holes
36:50 Plate Mail Armor
36:11 Fletching
37:34 Guilds
37:40 Gold Mining
37:41 Stone Mining
37:44 Elite Varangian Guard
38:49 Bodkin Arrow
39:21 Bombard Tower
38:47 Arrowslits
40:50 Greek Fire
41:29 Hoardings
40:49 Guard Tower
41:38 Gold Shaft Mining
41:40 Stone Shaft Mining
43:59 Logistica
43:10 Elite Cataphract
45:36 Fervor
45:12 Light Cavalry
45:43 Hussar
48:30 Bracer
48:32 Padded Archer Armor
49:10 Crop Rotation
49:41 Two-Man Saw
Merrick
8:24 Loom
10:10 Feudal Age
15:30 Castle Age
13:24 Double-Bit Axe
13:24 Horse Collar
22:17 Stone Mining
28:04 Bow Saw
28:41 Wheelbarrow
32:35 Imperial Age
29:32 Man-at-Arms
30:28 Squires
30:07 Pikeman
30:53 Scale Mail Armor
30:55 Long Swordsman
31:55 Forging
33:47 Iron Casting
33:27 Chain Mail Armor
33:41 Conscription
32:50 Two-Handed Swordsman
32:53 Light Cavalry
33:04 Halberdier
33:58 Heavy Plow
34:05 Gold Mining
33:48 Hussar
34:39 Bloodlines
34:29 Husbandry
35:31 Capped Ram
37:29 Blast Furnace
37:00 Plate Mail Armor
37:59 Scale Barding Armor
41:07 Hand Cart
41:39 Chain Barding Armor
47:50 Crop Rotation
Mr_S00R
0:53 Loom
12:43 Feudal Age
14:11 Wheelbarrow
18:46 Castle Age
18:37 Double-Bit Axe
18:33 Horse Collar
23:18 Bow Saw
32:06 Imperial Age
30:36 Town Watch
31:10 Hand Cart
32:28 Town Patrol
32:28 Fletching
32:38 Padded Archer Armor
32:40 Arson
32:56 Squires
33:56 Bodkin Arrow
34:16 Leather Archer Armor
34:28 Forging
34:18 Scale Mail Armor
35:18 Elite Chu Ko Nu
36:06 Bracer
36:36 Ring Archer Armor
36:02 Gold Mining
36:03 Stone Mining
36:47 Heavy Rocket Cart
38:40 Gold Shaft Mining
40:19 Iron Casting
39:59 Chain Mail Armor
42:09 Chemistry
41:30 Ballistics
41:05 Murder Holes
41:21 Fortified Wall
40:55 Elite Fire Lancer
45:26 Pikeman
47:34 Blast Furnace
47:04 Plate Mail Armor
46:37 Halberdier
50:38 Two-Man Saw
49:42 Heavy Plow
50:07 Elite Skirmisher
50:11 Crossbowman
50:56 Thumb Ring
Mehrab
10:29 Feudal Age
14:34 Castle Age
13:26 Double-Bit Axe
13:23 Horse Collar
23:49 Wheelbarrow
24:11 Bow Saw
25:53 Fletching
28:17 Devotion
28:13 Loom
31:08 Imperial Age
30:03 Hand Cart
29:54 Heavy Plow
29:22 Crossbowman
31:20 Bloodlines
31:11 Husbandry
33:25 Kamandaran
33:28 Bodkin Arrow
33:43 Forging
34:13 Ballistics
34:09 Town Watch
34:51 Conscription
34:27 Gold Mining
36:35 Chemistry
35:31 Elite War Elephant
36:49 Elite Skirmisher
38:32 Iron Casting
38:03 Scale Barding Armor
39:46 Two-Man Saw
39:17 Crop Rotation
43:49 Padded Archer Armor
44:56 Cavalier
47:32 Chain Barding Armor
47:28 Leather Archer Armor
47:55 Savar
Alvinangus
10:48 Feudal Age
11:42 Loom
14:51 Castle Age
13:12 Double-Bit Axe
13:48 Horse Collar
15:57 Wheelbarrow
22:50 Hand Cart
24:10 Heavy Plow
24:23 Bow Saw
24:14 Heavy Plow
28:33 Imperial Age
26:52 Scale Mail Armor
27:03 Forging
27:04 Town Watch
28:02 Chain Mail Armor
28:03 Squires
27:48 Arson
28:03 Squires
27:48 Arson
27:23 Pikeman
29:13 Chemistry
28:33 Ballistics
28:24 Fortified Wall
28:24 Masonry
28:12 Fletching
28:23 Padded Archer Armor
29:16 Iron Casting
29:57 Plate Mail Armor
29:23 Bodkin Arrow
30:27 Leather Archer Armor
31:13 Two-Man Saw
33:10 Caravan
33:24 Guilds
34:17 Blast Furnace
33:20 Bracer
34:12 Ring Archer Armor
34:01 Onager
35:10 Murder Holes
35:37 Bombard Tower
35:37 Ballistics
35:28 Masonry
39:30 Halberdier
42:13 Wagenburg Tactics
42:29 Conscription
46:38 Conscription
Connection lost

Rejoining the realm…

Still unreachable

The connection could not be restored.

Session expired

The server has moved on; the page needs a fresh start.